 Dungeon Crawl Stone Soup version 0.18.1-50-g88ac8fd (webtiles) character file.

26 Gargoyl the Skirmisher (level 2, -1/19 HPs)
             Began as a Demonspawn Abyssal Knight on Sept 16, 2016.
             Was a Follower of Lugonu.
             Slain by an adder (3 damage)
             ... on level 2 of the Dungeon.
             The game lasted 00:02:01 (933 turns).

Gargoyl the Skirmisher (Demonspawn Abyssal Knight)   Turns: 933, Time: 00:02:01

Health: -1/19      AC:  4    Str: 12    XL:     2   Next: 89%
Magic:  3/3        EV: 11    Int: 13    God:    Lugonu [*.....]
Gold:   59         SH:  0    Dex: 12    Spells: 0 memorised, 1 level left

rFire  . . .     SeeInvis .     a - +1 hand axe
rCold  . . .     Gourm    .     b - +0 leather armour
rNeg   . . .     Faith    .     (no shield)
rPois  .         Spirit   .     (no helmet)
rElec  .         Dismiss  .     (no cloak)
rCorr  .         Reflect  .     (no gloves)
SustAt .         Harm     .     d - +0 pair of boots
MR     .....                    (no amulet)
Stlth  +.........               (no ring)
                                (no ring)

@: lethally poisoned (-1 -> -15), not resistant to hostile enchantments, very
unstealthy
A: talons 1, frail 2
a: Depart the Abyss, Renounce Religion


You were on level 2 of the Dungeon.
You worshipped Lugonu.
Lugonu was aware of your devotion.
You were not hungry.

You visited 1 branch of the dungeon, and saw 2 of its levels.
You visited the Abyss 1 time.

You collected 59 gold pieces.

Inventory:

Hand Weapons
 a - a +1 hand axe (weapon)
Armour
 b - a +0 leather armour (worn)
 d - a +0 pair of boots (worn)
Scrolls
 e - 2 scrolls of fear {unknown}
 h - a scroll of enchant armour {unknown}
 i - a scroll of fog {unknown}
 m - a scroll of identify {unknown}
 n - a scroll of remove curse {unknown}
Potions
 f - a potion of heal wounds {unknown}
 j - a potion of cure mutation {unknown}
 k - 2 potions of berserk rage {unknown}
Comestibles
 c - a bread ration
 g - a beef jerky
 l - a meat ration


   Skills:
 + Level 3.5 Fighting
 + Level 2.0 Axes
 * Level 2.2 Armour
 + Level 1.0 Dodging
 + Level 2.5 Invocations


You had one spell level left.
You didn't know any spells.

Dungeon Overview and Level Annotations

Branches:
Dungeon (2/15)

Altars:


Innate Abilities, Weirdness & Mutations

You have sharp toenails.
[You are very frail (-20% HP).]


Message History

The hobgoblin is moderately wounded.
You closely miss the adder. The adder misses you. The adder bites you.
You are lethally poisoned!
The adder poisons you! The adder misses you.
The hobgoblin hits you but does no damage.
You hit the adder.
The adder is almost dead.
You hit the adder.
The adder is moderately wounded.
You hit the hobgoblin.
The hobgoblin is heavily wounded.
* * * LOW HITPOINT WARNING * * *
You feel sick. The adder bites you.
* * * LOW HITPOINT WARNING * * *
You are more poisoned.
The adder poisons you! The adder completely misses you.
The hobgoblin hits you with a club.
* * * LOW HITPOINT WARNING * * *
The adder bites you.
You die...

# #. # #.#.
#.#.#.#####
..........# # #
........#.#.#..#
......#.#.#.#..#
#..............#
.......g.......#
.......S@.^....#
.......S#.#....#
..........#.)..#
................
......#.###.#..
#...(.... .#
.......... #
...........
#........###


You could see 2 adders and a hobgoblin.

Vanquished Creatures
  2 oozes (D:1)
  A giant gecko (D:1)
  A giant cockroach (D:1)
  5 goblins (D:1)
  A hobgoblin (D:1)
  2 kobolds (D:1)
  A bat (D:1)
  A giant newt (D:1)
  3 rats (D:1)
17 creatures vanquished.

Notes
Turn   | Place    | Note
--------------------------------------------------------------
     0 | Abyss:1  | Gargoyl the Demonspawn Abyssal Knight began the quest for the Orb.
     0 | Abyss:1  | Reached XP level 1. HP: 18/18 MP: 2/2
    28 | Abyss:2  | Found a corrupted altar of Lugonu.
    36 | Abyss:2  | Noticed a bone dragon
    52 | Abyss:2  | Noticed an orange demon
    70 | Abyss:2  | Noticed a wretched star
    71 | D:1      | Escaped the Abyss
    80 | D:1      | Reached skill level 1 in Dodging
   118 | D:1      | Gained mutation: You have sharp toenails. [demonic ancestry]
   118 | D:1      | Reached XP level 2. HP: 11/19 MP: 3/3
   511 | D:1      | Reached * piety under Lugonu
   933 | D:2      | Slain by an adder

Skill      XL: |  1  2 |
---------------+-------+-----
Armour         | 2 |  2.2
Dodging        | 1 |  1.0
Axes           | 2 |  2.0
Fighting       | |  3.5
Invocations    | |  2.5

Action                   || total
-------------------------++-------
Melee: Hand axe          ||    49
Invok: Depart the Abyss  ||     1
Armor: Leather armour    ||    16
Dodge: Dodged            ||    36
